 Dungeon Crawl Stone Soup version 0.25-a0-547-g27a0b5d1ef (console) character file.

Game seed: 10124038503273688866, levelgen mode: deterministic

1143 Kagalorn the Carver (level 8, -4/51 HPs)
             Began as a Halfling Fighter on Feb 22, 2020.
             Was a Follower of Zin.
             Killed from afar by a centaur (9 damage)
             ... with a puff of flame
             ... on level 5 of the Dungeon.
             The game lasted 00:18:53 (4706 turns).

Kagalorn the Carver (Halfling Fighter)              Turns: 4706, Time: 00:18:54

Health: -4/51      AC:  9    Str: 19    XL:     8   Next: 64%
Magic:  11/11      EV:  6    Int:  6    God:    Zin [*.....]
Gold:   158        SH:  9    Dex: 14    Spells: 7/7 levels left

rFire    . . .     SeeInvis .   a - +0 long sword
rCold    . . .     Gourm    .   c - +0 kite shield
rNeg     . . .     Faith    .   o - +0 chain mail
rPois    .         Spirit   .   (no helmet)
rElec    .         Reflect  .   (no cloak)
rCorr    .         Harm     .   (no gloves)
MR       .....                  (no boots)
Stlth    ..........             (no amulet)
HPRegen  0.17/turn              g - ring of stealth
MPRegen  0.12/turn              (no ring)

@: no status effects
A: small, mutation resistance 1
a: Recite, Donate Gold, Renounce Religion


You were on level 5 of the Dungeon.
You worshipped Zin.
Zin was aware of your devotion.
You were very hungry.

You visited 2 branches of the dungeon, and saw 6 of its levels.

You collected 175 gold pieces.
You donated 17 gold pieces to Zin.

Inventory:

Hand Weapons
 a - a +0 long sword (weapon)
Missiles
 j - 80 arrows
 k - 42 sling bullets
 m - 159 stones
 t - 16 poisoned darts (quivered)
 v - 5 curare-tipped darts
Armour
 c - a +0 kite shield (worn)
 o - a +0 chain mail (worn)
 w - a +0 cloak
Jewellery
 g - a ring of stealth (left hand)
 n - an uncursed ring of fire
Scrolls
 e - 2 scrolls of enchant weapon {unknown}
 i - a scroll of fog {unknown}
 l - a scroll of enchant armour {unknown}
 p - 2 scrolls of identify
 q - a scroll of immolation {unknown}
 s - a scroll of blinking
 y - a scroll of acquirement {unknown}
Potions
 b - a potion of heal wounds
 d - a potion of might
 h - 2 potions of curing
 r - a potion of brilliance {unknown}
 u - a potion of lignification {unknown}
 x - a potion of mutation {unknown}
 z - a potion of cancellation {unknown}
 A - a potion of invisibility {unknown}
Comestibles
 f - 9 rations


   Skills:
 - Level 2.6 Fighting
 * Level 9.0 Long Blades
 - Level 3.2 Armour
 - Level 3.2 Shields
 * Level 4.2 Invocations


You had 7 spell levels left.
You didn't know any spells.
Your spell library was empty.

Dungeon Overview and Level Annotations

Branches:
Dungeon (5/15)             Temple (1/1) D:4

Altars:
Ashenzari
Cheibriados
Dithmenos
Elyvilon
Gozag
Hepliaklqana
Makhleb
Okawaru
Qazlal
Ru
Sif Muna
Trog
Uskayaw
Wu Jian
Yredelemnul
Zin
The Shining One

Annotations:
D:4 Eustachio
D:5 Grinder


Innate Abilities, Weirdness & Mutations

You are small and have problems with some larger weapons.
You are somewhat resistant to further mutation.


Message History

Something hits you but does no damage.
A centaur comes into view. It is carrying a wand of flame (23).
Something hits you but does no damage.
The centaur shouts!
The centaur wields a +0 shortbow.
The centaur shoots an arrow.
The arrow hits you.
* * * LOW HITPOINT WARNING * * *
The centaur shoots an arrow.
The arrow hits you.
* * * LOW HITPOINT WARNING * * *
You see here 2 arrows.
A sky beast appears from thin air!
Reactivating autopickup.
The centaur zaps a wand.
The puff of flame hits you.
* * * LOW HITPOINT WARNING * * *
The centaur shoots an arrow.
The arrow hits you but does no damage.
The sky beast flickers out of sight!
Deactivating autopickup; reactivate with Ctrl-A.
You see here an arrow.
The centaur zaps a wand.
The puff of flame hits you!
You die...

##<##[.....[......#.###
#####...........).##
##.......÷##.#...### #####
#..........####....###...#
###........# ##..........
##.##....### ##.##......
###........# #..........
..........#####..≈......
......c@(.(§.§..........
........#.#§..##........
.......##..#.#####......
".....###.##.# ##.....
...... ......# #...>.
...##........# #..... ...
#.##...... #..... ..
.#..... ...... #......


You could see a centaur.

Vanquished Creatures
  Sigmund (D:3)
  Menkaure (D:4)
  A phantom (D:4)
  An ogre (D:4)
  A howler monkey (D:4)
  A bullfrog zombie (D:5)
  2 hounds
  A jelly (D:5)
  4 orc wizards
  Crazy Yiuf (D:3)
  2 orc priests
  2 worker ants (D:4)
  A hound skeleton (D:2)
  6 gnolls (D:4)
  10 adders
  A shadow imp (D:4)
  An ooze (D:3)
  3 worms
  An adder skeleton (D:4)
  An adder zombie (D:5)
  2 dart slugs
  2 leopard geckos
  9 orcs
  5 giant cockroaches
  8 goblins
  10 hobgoblins
  6 jackals (D:3)
  5 quokkas
  A ball python (D:1)
  11 bats
  6 frilled lizards
  A jackal skeleton (D:5)
  4 kobolds
  9 rats
121 creatures vanquished.

Notes
Turn   | Place    | Note
-------+----------+-------------------------------------------
     0 | D:1      | Kagalorn the Halfling Fighter began the quest for the Orb.
     0 | D:1      | Reached XP level 1. HP: 15/15 MP: 1/1
   166 | D:1      | Reached XP level 2. HP: 19/20 MP: 2/2
   325 | D:1      | Reached skill level 3 in Long Blades
   593 | D:1      | Reached XP level 3. HP: 25/25 MP: 3/3
  1098 | D:2      | Reached skill level 4 in Long Blades
  1098 | D:2      | Reached XP level 4. HP: 23/30 MP: 4/4
  1958 | D:2      | Reached skill level 5 in Long Blades
  1958 | D:2      | Reached XP level 5. HP: 34/35 MP: 5/5
  1986 | D:3      | Found a burning altar of Makhleb.
  2334 | D:3      | Noticed Sigmund
  2352 | D:3      | Killed Sigmund
  2352 | D:3      | Reached skill level 6 in Long Blades
  2352 | D:3      | Reached XP level 6. HP: 31/41 MP: 6/6
  2445 | D:3      | Found a runed translucent door.
  2446 | D:3      | Noticed Crazy Yiuf
  2454 | D:3      | Killed Crazy Yiuf
  2693 | D:4      | Reached skill level 7 in Long Blades
  2693 | D:4      | Reached XP level 7. HP: 45/45 MP: 7/7
  2698 | D:4      | Noticed Menkaure
  2710 | D:4      | Killed Menkaure
  2771 | D:4      | Reached skill level 8 in Long Blades
  2857 | D:4      | Found a staircase to the Ecumenical Temple.
  2866 | Temple   | Entered the Ecumenical Temple
  3022 | Temple   | Became a worshipper of Zin the Law-Giver
  3022 | Temple   | Reached * piety under Zin
  3205 | D:4      | Reached skill level 1 in Invocations
  3348 | D:4      | Reached XP level 8. HP: 27/51 MP: 9/9
  3758 | D:5      | Entered Level 5 of the Dungeon
  3976 | D:5      | Noticed Grinder
  3989 | D:5      | Paralysed by Grinder for 5 turns
  4338 | D:4      | Reached skill level 9 in Long Blades
  4592 | D:5      | Noticed Eustachio
  4706 | D:5      | Killed from afar by a centaur

Levels and vault maps discovered:
D:1:      dpeg_arrival_rooms_with_view, layout_loops_corners, corner_web_ring,
          minmay_box_of_dots
D:2:      layout_basic, minmay_misc_feat_ornament
D:3:      layout_rooms, makhleb_heckhound_becter, uniq_sigmund,
          uniq_crazy_yiuf_cottage
D:4:      layout_loops_ring, temple_hall, fountainhead, uniq_menkaure
D:5:      layout_cave_pools, first_ration, serial_shops, shop, uniq_grinder,
          uniq_pikel, uniq_eustachio
Temple:   minmay_crystal_spiral_temple

Skill      XL: |  1  2  3  4  5  6  7  8 |
---------------+-------------------------+-----
Long Blades    | 3 4 5 6 7 8 9 |  9.0
Invocations    | 1 4 |  4.2
Fighting       | |  2.6
Armour         | |  3.2
Shields        | |  3.2

Action                   |  1- 3 |  4- 6 |  7- 9 || total
-------------------------+-------+-------+-------++-------
Melee: Long sword        |   123 |   187 |   259 ||   569
Throw: Dart              |       |     3 |    18 ||    21
Invok: Recite            |       |       |    12 ||    12
  Use: Scroll            |       |     5 |       ||     5
 Stab: Confused          |       |       |     3 ||     3
  Eat: Chunk             |     1 |     4 |     7 ||    12
Armor: Scale mail        |    32 |       |       ||    32
       Chain mail        |    29 |    81 |   110 ||   220
Dodge: Dodged            |    33 |    63 |    41 ||   137
Block: Kite shield       |    69 |   113 |   118 ||   300
       Rpst.: Long sword |    12 |    17 |    11 ||    40

Table legend:
 A = Non-vault XP
 B = Vault XP
 C = Vault XP percentage of total XP
 D = Non-vault monster count
 E = Vault monster count
 F = Vault count percentage of total count
                 A         B        C        D         E       F
            +---------+---------+-------+---------+---------+-------
      Total |    1150 |     483 |  29.6 |     111 |      10 |   8.3
            +---------+---------+-------+---------+---------+-------
        D:1 |      32 |       9 |  22.0 |      21 |       6 |  22.2
        D:2 |      96 |      42 |  30.4 |      25 |       1 |   3.8
        D:3 |      80 |     249 |  75.7 |      25 |       2 |   7.4
        D:4 |     727 |     183 |  20.1 |      29 |       1 |   3.3
        D:5 |     215 |       0 |   0.0 |      11 |       0 |   0.0
            +---------+---------+-------+---------+---------+-------
